 Dungeon Sprint DCSS version 0.29.0 (webtiles) character file.

Game seed: 16872534309053816177

77746 enile the Slayer (level 15, -7/169 HPs)
             Began as a Minotaur Monk on Aug 25, 2022.
             Was the Champion of Okawaru.
             Mangled by a royal mummy
             ... wielding a +2 great mace of draining
              (24 damage)
             ... in the Dungeon (Sprint V: "Ziggurat Sprint").
             The game lasted 00:26:59 (2145 turns).

enile the Slayer (Minotaur Monk)                    Turns: 2145, Time: 00:27:00

Health: -7/169     AC: 35    Str: 27    XL:     15   Next: 16%
Magic:  25/26      EV: 17    Int:  7    God:    Okawaru [******]
Gold:   0          SH: 31    Dex: 15    Spells: 14/14 levels left

rFire   + . .      SeeInvis .   A - +8 trishula "Condemnation" {holy, anguish, *Noise Fly rN+}
rCold   + . .      Faith    .   H - +18 shield of the Gong {rElec rN+ Will+ EV-5}
rNeg    + + .      Spirit   .   K - +5 gold dragon scales
rPois   +          Reflect  .   t - +2 hat "Borreul" {Rampage rPois}
rElec   +          Harm     .   (no cloak)
rCorr   .          Rampage  +   Q - +0 pair of gloves {infuse}
Will    ++...      NoTele   +   (no boots)
Stlth   ..........              S - amulet of regeneration
HPRegen 1.18/turn               x - +6 ring of strength
MPRegen 0.20/turn               V - ring of the Hare {EV+8}

@: heroic, flying, hasted and slowed, studying 5 skills
A: horns 2, retaliatory headbutt
a: Renounce Religion, Heroism, Finesse


You were in the Dungeon.
You worshipped Okawaru.
Okawaru was exalted by your worship.
You visited 1 branch

Inventory:

Hand Weapons
 A - the +8 trishula "Condemnation" (weapon) {holy, anguish, *Noise Fly rN+}
   (You found it in the Dungeon)

   It has been blessed by the Shining One to cause great damage to the undead
   and demons.
   It inflicts anguish, making its victims' attacks reflect back on them.
   rN:        It protects you from negative energy.
   Fly:       It grants you flight.
   *Noise:    It may make noises in combat.
 B - the +7 great mace "Firestarter" {inner flame, rF++}
   (You found it in the Dungeon)

   It burns those it strikes, dealing additional fire damage.
   It fills those it strikes with an explosive inner flame.
   It grants immunity to clouds of flame.
   rF:        It greatly protects you from fire.
 F - the +10 dark maul {vorpal}
   (You found it in the Dungeon)

   It inflicts extra damage upon your enemies.
 L - a +5 executioner's axe of flaming
 N - the +6 shillelagh "Devastator" {shatter}
   (You found it in the Dungeon)

   It releases a powerful concussive burst when it strikes, dealing extra damage
   to the target and all other foes adjacent to them.
 O - the +3 morningstar of Noon {vorpal, rElec rF++ rCorr SInv}
   (You found it in the Dungeon)

   It inflicts extra damage upon your enemies.
   rF:        It greatly protects you from fire.
   rElec:     It insulates you from electricity.
   SInv:      It lets you see invisible.
   rCorr:     It protects you from acid and corrosion.
 T - the +7 quarterstaff of Ohuossig {antimagic, Will++ Str-4 Dex+3}
   (Okawaru gifted it to you in the Dungeon)

   It reduces the magical energy of the wielder, and disrupts the spells and
   magical abilities of those it strikes.
   Natural abilities and divine invocations are not affected.
   Str:       It affects your strength (-4).
   Dex:       It affects your dexterity (+3).
   Will:      It greatly increases your willpower.
 U - a +4 halberd of flaming
Armour
 h - a +0 kite shield of resistance
 m - a +3 tower shield
 t - the +2 hat "Borreul" (worn) {Rampage rPois}
   (You found it in the Dungeon)

   rPois:     It protects you from poison.
   Rampage:   It bestows one free step when moving towards enemies.
 G - the +15 Maxwell's patent armour {-Cast -Tele rElec Will+ rCorr}
   (You found it in the Dungeon)

   rElec:     It insulates you from electricity.
   -Cast:     It prevents spellcasting.
   -Tele:     It prevents most forms of teleportation.
   rCorr:     It protects you from acid and corrosion.
   Will:      It increases your willpower.
 H - the +18 shield of the Gong (worn) {rElec rN+ Will+ EV-5}
   (You found it in the Dungeon)

   It is deafeningly noisy when blocking attacks.
   EV:        It affects your evasion (-5).
   rElec:     It insulates you from electricity.
   rN:        It protects you from negative energy.
   Will:      It increases your willpower.
 J - a +5 crystal plate armour
 K - +5 gold dragon scales (worn)
 Q - a +0 pair of gloves of infusion (worn)
 Y - the +5 plate armour of the Poles {rPois Regen+ Int+2}
   (You found it in the Dungeon)

   Int:       It affects your intelligence (+2).
   rPois:     It protects you from poison.
   Regen:     It increases your rate of health regeneration.
Jewellery
 e - a +4 ring of protection
 k - an amulet of magic regeneration
 r - a +4 ring of evasion
 s - a ring of flight
 u - a +6 ring of dexterity
 v - a +6 ring of intelligence
 x - a +6 ring of strength (left hand)
 y - a ring of fire
 C - a +4 ring of slaying
 E - an amulet of reflection
 M - the ring "Wisozic" {rF++ Will- MP+9 Dex+3 SInv}
   (You found it in the Dungeon)

   [ring of magical power]

   Dex:       It affects your dexterity (+3).
   rF:        It greatly protects you from fire.
   MP:        It affects your magic capacity (+9).
   SInv:      It lets you see invisible.
   Will:      It decreases your willpower.
 R - a ring of see invisible
 S - an amulet of regeneration (around neck)
 V - the ring of the Hare (right hand) {EV+8}
   (You found it in the Dungeon)

   [ring of evasion]

   EV:        It affects your evasion (+8).
 Z - a ring of wizardry
Wands
 z - a wand of mindburst (1)
Scrolls
 o - 4 scrolls of amnesia
 p - 2 scrolls of fog
 q - 5 scrolls of identify
 P - 6 scrolls of brand weapon
Potions
 d - 6 potions of curing
 f - 6 potions of haste
 g - 7 potions of magic
 j - 2 potions of brilliance
 l - 2 potions of resistance
 n - 6 potions of might
Miscellaneous
 a - a box of beasts
 w - a phantom mirror
 D - a tin of tremorstones (inert)
 I - a lightning rod (2/4)
 W - a condenser vane (inert)
 X - a phantom mirror


   Skills:
 - Level 25.0(27) Fighting
 - Level 7.0(17.8) Axes
 - Level 8.9(15.0) Maces & Flails
 - Level 14.3(20.0) Polearms
 - Level 23.0(27) Armour
 - Level 13.0(18.0) Dodging
 - Level 4.7(9.7) Stealth
 - Level 10.0(15.0) Shields
 - Level 16.0 Invocations
 + Level 21.4 Evocations


You had 14 spell levels left.
You didn't know any spells.
Your spell library contained the following spells:

 Spells                   Type           Power      Damage    Failure   Level
 Apportation              Tloc           0%         N/A       99%         1
 Beastly Appendage        Tmut           0%         N/A       99%         1
 Foxfire                  Conj/Fire      0%         2x1d4     99%         1
 Slow                     Hex            0%         N/A       99%         1
 Sting                    Tmut/Pois      0%         1d3       99%         1
 Blink                    Tloc           0%         N/A       100%        2
 Ensorcelled Hibernation  Hex/Ice        0%         N/A       100%        2
 Passwall                 Tmut/Erth      0%         N/A       100%        2
 Poisonous Vapours        Pois/Air       0%         N/A       100%        2
 Scorch                   Fire           0%         2d5       100%        2
 Static Discharge         Conj/Air       0%         3-3/arc   100%        2
 Sublimation of Blood     Necr           0%         N/A       100%        2
 Wereblood                Tmut           0%         N/A       100%        2
 Confusing Touch          Hex            0%         N/A       100%        3
 Conjure Flame            Conj/Fire      0%         6-21      100%        3
 Gell's Gravitas          Tloc           0%         N/A       100%        3
 Ignite Poison            Fire/Tmut/Pois 0%         N/A       100%        3
 Inner Flame              Hex/Fire       0%         N/A       100%        3
 Lesser Beckoning         Tloc           0%         N/A       100%        3
 Mephitic Cloud           Conj/Pois/Air  0%         N/A       100%        3
 Ozocubu's Armour         Ice            0%         N/A       100%        3
 Portal Projectile        Hex/Tloc       0%         N/A       100%        3
 Spider Form              Tmut/Pois      0%         N/A       100%        3
 Swiftness                Air            0%         N/A       100%        3
 Teleport Other           Tloc           0%         N/A       100%        3
 Vampiric Draining        Necr           0%         2d6       100%        3
 Airstrike                Air            0%         2d(0-16)  100%        4
 Cause Fear               Hex            0%         N/A       100%        4
 Corpse Rot               Necr/Pois/Air  0%         N/A       100%        4
 Dispel Undead            Necr           0%         3d6       100%        4
 Flame Wave               Conj/Fire      0%         2d4       100%        4
 Hailstorm                Conj/Ice       0%         3d3       100%        4
 Ice Form                 Ice/Tmut       0%         N/A       100%        4
 Leda's Liquefaction      Hex/Erth       0%         N/A       100%        4
 Olgreb's Toxic Radiance  Pois           0%         N/A       100%        4
 Sticky Flame             Conj/Fire      0%         2d3       100%        4
 Alistair's Intoxication  Tmut/Pois      0%         N/A       100%        5
 Blade Hands              Tmut           0%         N/A       100%        5
 Borgnjor's Vile Clutch   Necr/Erth      0%         N/A       100%        5
 Lightning Bolt           Conj/Air       0%         1d11      100%        5
 Metabolic Englaciation   Hex/Ice        0%         N/A       100%        5
 Yara's Violent Unravell  Hex/Tmut       0%         3d3       100%        5
 Dispersal                Tloc           0%         N/A       100%        6
 Dragon Form              Tmut           0%         N/A       100%        7
 Ozocubu's Refrigeration  Ice            0%         4d7       100%        7
 Discord                  Hex            0%         N/A       100%        8
 Disjunction              Tloc           0%         N/A       100%        8
 Ignition                 Fire           0%         3d3       100%        8
 Lehudib's Crystal Spear  Conj/Erth      0%         10d2      100%        8
 Maxwell's Capacitive Co  Air            0%         ∞         100%        8
 Call Canine Familiar     Summ           Unusable   N/A       N/A         3
 Summon Guardian Golem    Hex/Summ       Unusable   N/A       N/A         3
 Tukima's Dance           Hex            Unusable   N/A       N/A         3
 Animate Dead             Necr           Unusable   N/A       N/A         4
 Summon Forest            Summ/Tloc      Unusable   N/A       N/A         5
 Death Channel            Necr           Unusable   N/A       N/A         6
 Simulacrum               Ice/Necr       Unusable   N/A       N/A         6
 Summon Cactus Giant      Summ           Unusable   N/A       N/A         6
 Malign Gateway           Summ/Tloc      Unusable   N/A       N/A         7
 Dragon's Call            Summ           Unusable   N/A       N/A         9

Dungeon Overview and Level Annotations

Branches:
Dungeon (1/1)

Altars:
Ashenzari
Cheibriados
Dithmenos
Elyvilon
Fedhas
Gozag
Hepliaklqana
Kikubaaqudgha
Makhleb
Nemelex Xobeh
Okawaru
Qazlal
Ru
Sif Muna
Trog
Uskayaw
Vehumet
Wu Jian
Xom
Yredelemnul
Zin
The Shining One
Jiyva
Lugonu


Innate Abilities, Weirdness & Mutations

You have a pair of horns on your head.
You reflexively headbutt those who attack you in melee.


Message History

The mummy priest utters an invocation to its god.
The mummy priest is struck by lightning.
The mummy priest mumbles some strange prayers to its god.
You block the royal mummy's attack.
GONNNNG!
The royal mummy gestures wildly while chanting.
You block the ball python zombie's attack.
BONNNG!
The ball python zombie completely misses you.
The emperor scorpion closely misses you.
You furiously retaliate!
You headbutt the emperor scorpion.
You block the emperor scorpion's attack.
GONNNNG!
The emperor scorpion claws you but does no damage.
The emperor scorpion stings you but does no damage.
The emperor scorpion barely misses you.
The emperor scorpion claws you but does no damage.
You hear a hideous shriek!
Okay, then.
Okay, then.
Okay, then.
Okay, then.
Okay, then.
You feel better.
You are standing in a thunderstorm.
You block the death scarab's attack.
GONNNNG!
The death scarab is struck by lightning. x3
A guardian mummy comes into view.
The emperor scorpion is struck by lightning.
The emperor scorpion barely misses you.
The emperor scorpion claws you but does no damage.
You block the emperor scorpion's attack.
SHROANNG!
The emperor scorpion closely misses you.
You block the emperor scorpion's attack.
PTOANNNG!
You block the emperor scorpion's attack.
GONNNNG!
The royal mummy hits you with a +2 great mace of draining!!
You die...

▓.....
..M§W§§§§§M....
▓.....
...§§§§§§§.....
▓.....
..§§§§§W9....
▓..... ▓
▓M.M§§§§..▓
▓..... ▓..
▓▓.§§M§§.▓▓ ...▓.
▓...▓.BBMB§W..▓..
.....
▓.....ZssB§{.....
.....
▓...B..@M§B......
.....
▓▓▓▓▓▓▓▓▓▓▓▓▓▓▓▓▓
▓▓▓▓▓▓ ▓...D.
▓§.DDX ▓§.).d
▓§§.d: ▓§§...
▓§§§.. ▓.§...


You could see 2 royal mummies, 2 emperor scorpions, 2 mummy priests, a flayed
ghost (summoned), a guardian mummy, an ushabti, a wraith (summoned), 6 death
scarabs, a shadow (summoned), 2 mummies and a ball python zombie.

Vanquished Creatures
  A Killer Klown (D)
  Nikola (D)
  A tentacled monstrosity (D)
  An Ice Fiend (D)
  3 Orb Guardians (D)
  A lich (D)
  2 quicksilver dragons (D)
  An acid blob (D)
  Polyphemus (D)
  A death cob (D)
  Frances (D)
  A shadow dragon (D)
  An azure jelly (D)
  A rockslime (D)
  A frost giant (D)
  3 narguns (D)
  A draconian scorcher (D)
  A draconian shifter (D)
  3 draconian annihilators (D)
  8 green draconians (D)
  4 red draconians (D)
  7 black draconians (D)
  Nessos (D)
  2 yellow draconians (D)
  6 purple draconians (D)
  3 white draconians (D)
  2 wendigos (D)
  Josephine (D)
  Erolcha (D)
  Harold (D)
  A naga warrior (D)
  A death scarab (D)
  3 dancing weapons (D)
  A hell hog (D)
  A deep elf knight (D)
  4 soul eaters (D)
  Nergalle (D)
  A glowing orange brain (D)
  Pikel (D)
  A deep elf archer (D)
  7 necromancers (D)
  4 deep elf pyromancers (D)
  4 deep elf zephyrmancers (D)
  A moth of wrath (D)
  3 toenail golems (D)
  A black mamba (D)
  2 naga magi (D)
  An eye of devastation (D)
  3 gargoyles (D)
  A hellion (D)
  A tormentor (D)
  A freezing wraith (D)
  A guardian mummy (D)
  3 merfolk (D)
  A tarantella (D)
  3 slime creatures (D)
  A jumping spider (D)
  Prince Ribbit (D)
  2 flying skulls (D)
  2 shadows (D)
  Eustachio (D)
  A water elemental (D)
  A golden eye (D)
  Menkaure (D)
  2 nagas (D)
  4 water moccasins (D)
  Pargi (D)
  3 phantoms (D)
  2 earth elementals (D)
  4 necrophages (D)
  3 scorpions (D)
  4 wights (D)
  Dowan (D)
  A jelly (D)
  Jessica (D)
  2 orc wizards (D)
  3 mummies (D)
  4 adders (D)
  2 adder skeletons (D)
  3 adder zombies (D)
  7 adder simulacra (D)
  2 orcs (D)
  2 spectral bats (D)
  5 ball pythons (D)
  2 bat skeletons (D)
  3 bat zombies (D)
  An endoplasm (D)
  5 ball python simulacra (D)
  3 ball python skeletons (D)
  5 ball python zombies (D)
  5 bat simulacra (D)
  A jackal simulacrum (D)
  2 quokka skeletons (D)
  A quokka zombie (D)
208 creatures vanquished.

Vanquished Creatures (others)
  An Orb Guardian (D)
  A deep elf elementalist (D)
  A deep elf knight (D)
  Terence (D)
4 creatures vanquished.

Grand Total: 212 creatures vanquished

Notes
Turn   | Place    | Note
-------+----------+-------------------------------------------
     0 | D        | enile the Minotaur Monk began the quest for the Orb.
     0 | D        | Reached XP level 1. HP: 19/19 MP: 0/0
     0 | D        | Found a shimmering blue altar of Sif Muna.
     0 | D        | Found a sacrificial altar of Ru.
     0 | D        | Found a bloodstained altar of Trog.
     0 | D        | Found a stormy altar of Qazlal.
     0 | D        | Found an iron altar of Okawaru.
     0 | D        | Found a sparkling altar of Nemelex Xobeh.
     0 | D        | Found a blossoming altar of Fedhas.
     0 | D        | Found the +6 Majin-Bo {vamp, MP+6 Int+6}
     0 | D        | Found the +9 heavy crossbow "Sniper" {vorpal, Acc+∞ SInv}
     0 | D        | Found the +10 dark maul {vorpal}
     0 | D        | Found the +15 Maxwell's patent armour {-Cast -Tele rElec
                  | Will+ rCorr}
     0 | D        | Found the +18 shield of the Gong {rElec rN+ Will+ EV-5}
     0 | D        | Found the +14 obsidian axe {vorpal, Mesm Drain Fly SInv}
     0 | D        | Found the +7 great mace "Firestarter" {inner flame, rF++}
     0 | D        | Found the +6 shillelagh "Devastator" {shatter}
     0 | D        | Found the +11 plutonium sword {Contam Stlth-}
     0 | D        | Found the +8 lance "Wyrmbane" {slay drac, rPois rF+ rC+
                  | AC+3}
     0 | D        | Found the +9 sword of Zonguldrok {reap}
     0 | D        | Found the +13 scythe of Curses {drain, Drain}
     0 | D        | Found the +5 sword of Power {vorpal}
     0 | D        | Found the +7 mace of Variability {chain chaos}
     0 | D        | Found the +7 Singing Sword {vorpal, sonic wave}
     0 | D        | Found the +8 storm bow {elec, penet}
     2 | D        | Found a transporter.
     2 | D        | Found an ancient bone altar of Kikubaaqudgha.
     2 | D        | Found a viscous altar of Jiyva.
     2 | D        | Found a corrupted altar of Lugonu.
     2 | D        | Found a hazy altar of Hepliaklqana.
     2 | D        | Found a burning altar of Makhleb.
     2 | D        | Found an opulent altar of Gozag.
    95 | D        | Became a worshipper of Warmaster Okawaru
    95 | D        | Reached * piety under Okawaru
    95 | D        | Reached ** piety under Okawaru
   115 | D        | Reached skill level 7 in Fighting
   115 | D        | Reached XP level 2. HP: 34/34 MP: 1/1
   214 | D        | Entered arena 2.
   214 | D        | Found a transporter.
   219 | D        | Got the Cyclopedia of the Septic Jaunt
   224 | D        | Entered arena 3.
   224 | D        | Noticed a merfolk
   224 | D        | Noticed a merfolk
   224 | D        | Noticed a merfolk
   224 | D        | Found a transporter.
   228 | D        | Killed a merfolk
   228 | D        | Reached *** piety under Okawaru
   228 | D        | Reached **** piety under Okawaru
   228 | D        | Received a gift from Okawaru
   229 | D        | Reached skill level 9 in Fighting
   229 | D        | Reached XP level 3. HP: 40/44 MP: 2/2
   229 | D        | Reached XP level 4. HP: 46/50 MP: 3/3
   229 | D        | Reached XP level 5. HP: 52/57 MP: 4/4
   233 | D        | Killed a merfolk
   234 | D        | Reached skill level 10 in Fighting
   234 | D        | Reached XP level 6. HP: 53/66 MP: 4/9
   236 | D        | Killed a merfolk
   237 | D        | Reached XP level 7. HP: 46/72 MP: 4/10
   363 | D        | Got the +3 morningstar of Noon {vorpal, rElec rF++ rCorr
                  | SInv}
   367 | D        | Entered arena 4.
   367 | D        | Found a transporter.
   427 | D        | Entered arena 5.
   427 | D        | Found a transporter.
   442 | D        | Reached skill level 10 in Armour
   446 | D        | Reached ***** piety under Okawaru
   509 | D        | Entered arena 6.
   509 | D        | Noticed a tarantella
   509 | D        | Noticed a jumping spider
   509 | D        | Found a transporter.
   517 | D        | Killed a tarantella
   518 | D        | Reached skill level 10 in Dodging
   518 | D        | Reached XP level 8. HP: 44/79 MP: 11/11
   520 | D        | Reached skill level 5 in Shields
   529 | D        | Killed a jumping spider
   530 | D        | Reached skill level 5 in Evocations
   735 | D        | Entered arena 7.
   736 | D        | Found a transporter.
   765 | D        | Entered arena 8.
   769 | D        | Received a gift from Okawaru
   774 | D        | Found a transporter.
   780 | D        | Got Etas's Catalogue of Grisly Curses
   782 | D        | Got the ring "Gotwifeno" {MP+9 Stlth+}
   787 | D        | Entered arena 9.
   787 | D        | Found the ring of the Hare {EV+8}
   787 | D        | Noticed a deep elf pyromancer
   787 | D        | Noticed a +2 dire flail of protection
   787 | D        | Noticed a deep elf zephyrmancer
   787 | D        | Noticed a deep elf pyromancer
   787 | D        | Noticed a deep elf elementalist
   787 | D        | Noticed a deep elf pyromancer
   799 | D        | Killed a +2 dire flail of protection
   800 | D        | Reached skill level 10 in Evocations
   800 | D        | Reached XP level 9. HP: 65/85 MP: 4/13
   803 | D        | Killed a deep elf elementalist
   804 | D        | Reached skill level 10 in Invocations
   804 | D        | Reached skill level 11 in Fighting
   805 | D        | Killed a deep elf pyromancer
   806 | D        | Reached skill level 12 in Fighting
   806 | D        | Killed a deep elf pyromancer
   806 | D        | Killed a deep elf zephyrmancer
   806 | D        | Killed a deep elf pyromancer
   806 | D        | Identified the +2 chain mail of Kaerhueh {rF- rN+ Dex+5
                  | Slay+2} (Okawaru gifted it to you in the Dungeon)
   806 | D        | Received a gift from Okawaru
   807 | D        | Reached skill level 16 in Fighting
   807 | D        | Reached XP level 10. HP: 101/107 MP: 5/16
   808 | D        | Found a transporter.
   833 | D        | Got the +5 plate armour of the Poles {rPois Regen+ Int+2}
   847 | D        | Entered arena 10.
   847 | D        | Noticed a toenail golem
   847 | D        | Noticed a toenail golem
   847 | D        | Noticed a gargoyle
   847 | D        | Noticed a gargoyle
   847 | D        | Noticed a gargoyle
   847 | D        | Noticed a toenail golem
   849 | D        | Found a transporter.
   849 | D        | Killed a gargoyle
   851 | D        | Killed a gargoyle
   852 | D        | Reached skill level 17 in Fighting
   852 | D        | Killed a toenail golem
   852 | D        | Killed a toenail golem
   853 | D        | Killed a toenail golem
   854 | D        | Killed a gargoyle
   905 | D        | Entered arena 11.
   905 | D        | Noticed a deep elf zephyrmancer
   905 | D        | Noticed a deep elf pyromancer
   905 | D        | Noticed a deep elf knight
   905 | D        | Noticed a +4 hand axe of electrocution
   905 | D        | Noticed a deep elf zephyrmancer
   905 | D        | Noticed a +0 dire flail of holy wrath
   905 | D        | Noticed a deep elf knight
   905 | D        | Noticed a deep elf archer
   905 | D        | Noticed a deep elf zephyrmancer
   907 | D        | Killed a deep elf pyromancer
   908 | D        | Killed a deep elf archer
   908 | D        | Killed a deep elf zephyrmancer
   908 | D        | Reached ****** piety under Okawaru
   909 | D        | Reached skill level 15 in Armour
   909 | D        | Reached XP level 11. HP: 117/117 MP: 17/17
   909 | D        | Killed a +0 dire flail of holy wrath
   910 | D        | Killed a deep elf knight
   910 | D        | Received a gift from Okawaru
   912 | D        | Killed a +4 hand axe of electrocution
   912 | D        | Killed a deep elf zephyrmancer
   917 | D        | Killed a deep elf knight
   919 | D        | Found a transporter.
   920 | D        | Killed a deep elf zephyrmancer
   953 | D        | Got the ring "Wisozic" {rF++ Will- MP+9 Dex+3 SInv}
   968 | D        | Entered arena 12.
   968 | D        | Noticed a soul eater
   968 | D        | Noticed a soul eater
   968 | D        | Noticed a soul eater
   969 | D        | Noticed a shadow dragon
   969 | D        | Noticed a soul eater
   981 | D        | Killed a soul eater
   986 | D        | Killed a soul eater
   986 | D        | Received a gift from Okawaru
   987 | D        | Killed a soul eater
  1008 | D        | Killed a shadow dragon
  1009 | D        | Reached skill level 10 in Shields
  1012 | D        | Killed a soul eater
  1042 | D        | Found a transporter.
  1063 | D        | Got the Reference Book on the Lethal Pyromaniac
  1070 | D        | Entered arena 13.
  1070 | D        | Noticed a rockslime
  1072 | D        | Noticed an azure jelly
  1072 | D        | Noticed an acid blob
  1072 | D        | Noticed a glowing orange brain
  1074 | D        | Killed an azure jelly
  1075 | D        | Reached XP level 12. HP: 127/127 MP: 18/18
  1080 | D        | Killed an acid blob
  1080 | D        | Received a gift from Okawaru
  1091 | D        | Reached skill level 15 in Evocations
  1092 | D        | Killed a rockslime
  1094 | D        | Found a transporter.
  1105 | D        | Got the Volume of the Lethal Pyre
  1148 | D        | Entered arena 14.
  1149 | D        | Noticed a nargun
  1154 | D        | Killed a nargun
  1154 | D        | Identified the +7 quarterstaff of Ohuossig {antimagic,
                  | Will++ Str-4 Dex+3} (Okawaru gifted it to you in the
                  | Dungeon)
  1154 | D        | Received a gift from Okawaru
  1155 | D        | Reached skill level 18 in Fighting
  1202 | D        | Found a transporter.
  1337 | D        | Entered arena 15.
  1338 | D        | Noticed a naga warrior
  1345 | D        | Killed a naga warrior
  1348 | D        | Found a transporter.
  1366 | D        | Got the Meditations on the Tesseract and Battle Magic
  1378 | D        | Entered arena 16.
  1379 | D        | Noticed a fire giant
  1379 | D        | Noticed a salamander tyrant
  1379 | D        | Noticed a searing wretch
  1379 | D        | Noticed a Brimstone Fiend
  1379 | D        | Noticed a fire giant
  1379 | D        | Noticed a hell hog
  1379 | D        | Noticed a fire giant
  1379 | D        | Noticed a balrug
  1379 | D        | Noticed a fire giant
  1379 | D        | Noticed a hellephant
  1379 | D        | Noticed a hell hog
  1380 | D        | Noticed a searing wretch
  1381 | D        | Noticed a searing wretch
  1382 | D        | Noticed a stoker
  1389 | D        | Found a transporter.
  1398 | D        | Entered arena 17.
  1403 | D        | Noticed an Ice Fiend
  1405 | D        | Noticed a frost giant
  1406 | D        | Killed a hell hog
  1407 | D        | Noticed a nargun
  1408 | D        | Noticed a wendigo
  1411 | D        | Killed a frost giant
  1411 | D        | Killed a wendigo
  1411 | D        | Received a gift from Okawaru
  1411 | D        | Killed an Ice Fiend
  1411 | D        | Noticed a wendigo
  1416 | D        | Noticed a nargun
  1422 | D        | Found a transporter.
  1426 | D        | Killed a wendigo
  1428 | D        | Killed a nargun
  1429 | D        | Reached XP level 13. HP: 59/134 MP: 11/22
  1449 | D        | Killed a nargun
  1450 | D        | Reached skill level 15 in Invocations
  1521 | D        | Found the +8 trishula "Condemnation" {holy, anguish, *Noise
                  | Fly rN+}
  1550 | D        | Got the Vellum of Ghoulish Guile
  1566 | D        | Entered arena 18.
  1570 | D        | Noticed a royal mummy
  1572 | D        | Identified the +6 trident of Grandeur {vorpal, rElec rN+}
  1572 | D        | Noticed a royal mummy
  1583 | D        | Identified the ring of Rivoshuc {rN+ AC+4}
  1585 | D        | Noticed an emperor scorpion
  1585 | D        | Noticed an emperor scorpion
  1585 | D        | Noticed an emperor scorpion
  1586 | D        | Found a transporter.
  1586 | D        | Noticed an emperor scorpion
  1591 | D        | Entered arena 19.
  1596 | D        | Noticed a lich
  1599 | D        | Identified the +5 falchion of the Dark Horse {venom, rN+
                  | Str+4}
  1602 | D        | Reached skill level 5 in Polearms
  1609 | D        | Killed a lich
  1651 | D        | Found the +4 dagger "Morg" {pain, Will+ Int+5}
  1652 | D        | Found a transporter.
  1676 | D        | Got Zetyotz's Quarto of the Discontinuous Boulder
  1703 | D        | Entered arena 20.
  1709 | D        | Noticed Nessos
  1709 | D        | Noticed Harold
  1709 | D        | Noticed Josephine
  1709 | D        | Noticed Prince Ribbit
  1709 | D        | Noticed Frances
  1709 | D        | Noticed Pargi
  1709 | D        | Noticed Menkaure
  1709 | D        | Noticed Nikola
  1709 | D        | Noticed Polyphemus
  1709 | D        | Noticed Pikel
  1709 | D        | Noticed Eustachio
  1711 | D        | Killed Eustachio
  1711 | D        | Killed Prince Ribbit
  1711 | D        | Killed Menkaure
  1711 | D        | Noticed Erolcha
  1712 | D        | Killed Pargi
  1712 | D        | Killed Josephine
  1712 | D        | Killed Harold
  1712 | D        | Noticed Nergalle
  1714 | D        | Killed Pikel
  1714 | D        | Identified the +10 plate armour "Sathropi" {rPois rCorr
                  | Str+4 Int-4} (Okawaru gifted it to you in the Dungeon)
  1714 | D        | Received a gift from Okawaru
  1714 | D        | Killed Frances
  1715 | D        | Killed Nikola
  1716 | D        | Killed Nessos
  1718 | D        | Killed Nergalle
  1720 | D        | Killed Polyphemus
  1721 | D        | Noticed Jessica
  1721 | D        | Noticed Dowan
  1721 | D        | Identified the +6 dagger "Vapakuy" {flame, Dex+2}
  1721 | D        | Noticed Terence
  1722 | D        | Killed Erolcha
  1733 | D        | Killed Dowan
  1734 | D        | Found a transporter.
  1735 | D        | Killed Terence
  1737 | D        | Killed Jessica
  1789 | D        | Got the ring of the Frog {EV+4 Str-2 Int+9 Dex-5}
  1794 | D        | Got the +2 hat "Borreul" {Rampage rPois}
  1830 | D        | Entered arena 21.
  1834 | D        | Noticed a yellow draconian
  1834 | D        | Noticed a green draconian
  1834 | D        | Noticed a red draconian
  1834 | D        | Noticed a black draconian
  1834 | D        | Noticed a black draconian
  1835 | D        | Noticed a red draconian scorcher
  1835 | D        | Noticed a black draconian
  1835 | D        | Noticed a yellow draconian annihilator
  1835 | D        | Identified the +9 war axe "Ivozo" {drain, rElec rF+}
  1835 | D        | Noticed a green draconian
  1837 | D        | Noticed a red draconian
  1837 | D        | Noticed a purple draconian
  1838 | D        | Noticed a black draconian
  1838 | D        | Noticed a white draconian
  1838 | D        | Noticed a white draconian
  1839 | D        | Noticed a yellow draconian annihilator
  1839 | D        | Noticed a purple draconian
  1840 | D        | Noticed a purple draconian
  1840 | D        | Noticed a purple draconian shifter
  1840 | D        | Noticed a yellow draconian annihilator
  1840 | D        | Noticed a purple draconian
  1843 | D        | Identified the +4 trident "Micyte Maic" {antimagic, rElec
                  | rC+ rN+ Stlth-}
  1843 | D        | Noticed a green draconian
  1843 | D        | Noticed a purple draconian
  1843 | D        | Noticed a green draconian
  1843 | D        | Noticed a green draconian
  1843 | D        | Noticed a black draconian
  1866 | D        | Killed a purple draconian
  1867 | D        | Killed a yellow draconian
  1868 | D        | Reached skill level 10 in Polearms
  1868 | D        | Killed a purple draconian
  1872 | D        | Killed a red draconian scorcher
  1873 | D        | Killed a purple draconian
  1874 | D        | Reached XP level 14. HP: 36/143 MP: 7/25
  1874 | D        | Identified the +11 plate armour of Uchoyff {rN+ Will+}
                  | (Okawaru gifted it to you in the Dungeon)
  1874 | D        | Received a gift from Okawaru
  1875 | D        | Reached skill level 20 in Fighting
  1876 | D        | Reached skill level 21 in Fighting
  1876 | D        | Killed a purple draconian shifter
  1877 | D        | Reached skill level 22 in Fighting
  1882 | D        | Killed a yellow draconian annihilator
  1883 | D        | Reached skill level 23 in Fighting
  1884 | D        | Killed a yellow draconian annihilator
  1900 | D        | Killed a yellow draconian annihilator
  1901 | D        | Reached skill level 24 in Fighting
  2012 | D        | Found a transporter.
  2032 | D        | Got the Compilation of Shadows
  2036 | D        | Got the Spellbook of Breath and Jinxing
  2076 | D        | Entered arena 22.
  2082 | D        | Noticed an Orb Guardian
  2082 | D        | Noticed a death cob
  2082 | D        | Noticed an Orb Guardian
  2082 | D        | Noticed a golden dragon
  2082 | D        | Noticed an Orb Guardian
  2082 | D        | Noticed an Orb Guardian
  2082 | D        | Noticed an Orb Guardian
  2082 | D        | Noticed a tentacled monstrosity
  2082 | D        | Noticed a golden dragon
  2082 | D        | Noticed an Orb Guardian
  2083 | D        | Identified the +7 hand axe "Oclar" {vorpal, +Blink rF++}
  2084 | D        | Noticed a quicksilver dragon
  2085 | D        | Noticed a quicksilver dragon
  2085 | D        | Noticed a shadow dragon
  2086 | D        | Noticed a Killer Klown
  2087 | D        | Noticed a storm dragon
  2089 | D        | Killed a death cob
  2090 | D        | Reached skill level 25 in Fighting
  2090 | D        | Killed a tentacled monstrosity
  2090 | D        | Killed an Orb Guardian
  2090 | D        | Killed an Orb Guardian
  2090 | D        | Killed a quicksilver dragon
  2090 | D        | Killed an Orb Guardian
  2090 | D        | Killed a quicksilver dragon
  2090 | D        | Received a gift from Okawaru
  2091 | D        | Killed an Orb Guardian
  2092 | D        | Reached XP level 15. HP: 86/169 MP: 20/26
  2093 | D        | Found a transporter.
  2094 | D        | HP: 6/169 [yellow draconian/glob of acid (19)]
  2110 | D        | Entered arena 23.
  2118 | D        | Killed a Killer Klown
  2132 | D        | Noticed a royal mummy
  2135 | D        | Noticed a royal mummy
  2137 | D        | Identified the +2 chain mail "Ykkos" {Str+2 SInv}
  2138 | D        | Noticed an emperor scorpion
  2138 | D        | Noticed an emperor scorpion
  2142 | D        | HP: 8/169 [emperor scorpion[a royal mummy] (9)]
  2145 | D        | Mangled by a royal mummy

Illustrated notes

Levels and vault maps discovered:
D:        sprint_v [room_start, room_1, room_2, room_3, room_4, room_5, room_6,
          room_7, room_8, room_9, room_10, room_11, room_12, room_13, room_14,
          room_15, room_16, room_17, room_18, room_19, room_20, room_21,
          room_22, room_23, room_24, room_25, room_26, room_27]

Skill      XL: |  1  2  3  4  5  6  7  8  9 10 11 12 13 14 15 |
---------------+----------------------------------------------+-----
Fighting       | 7 9 10 16 17 18 25 | 25.0
Evocations     | 4 10 14 16 20 21 | 21.4
Axes           | 7 |  7.0
Dodging        | 6 10 13 | 13.0
Stealth        | 4 |  4.7
Invocations    | 6 7 10 14 16 | 16.0
Shields        | 4 7 10 | 10.0
Armour         | 8 10 15 17 23 | 23.0
Maces & Flails | 8 |  8.9
Polearms       | 12 14 | 14.3

Action                   |  1- 3 |  4- 6 |  7- 9 | 10-12 | 13-15 || total
-------------------------+-------+-------+-------+-------+-------++-------
Melee: Shillelagh        |     1 |     7 |    12 |    49 |       ||    69
       Headbutt          |       |     2 |    12 |    20 |    10 ||    44
       Morningstar       |       |       |    45 |    23 |     4 ||    72
       Trishula          |       |       |       |       |    47 ||    47
Invok: Heroism           |       |       |     1 |     3 |     6 ||    10
       Finesse           |       |       |     1 |     1 |     3 ||     5
Evoke: Lightning rod     |     3 |       |    11 |     8 |     8 ||    30
       Condenser vane    |       |       |       |     8 |    12 ||    20
       Wand              |       |       |       |     6 |     7 ||    13
       Tin of tremorston |       |       |       |     9 |    25 ||    34
  Use: Potion            |     2 |       |     2 |    10 |    26 ||    40
       Scroll            |       |       |       |     4 |     9 ||    13
 Stab: Invisible         |       |       |       |     1 |       ||     1
Armor: Gold dragon scale |       |     2 |    48 |       |   106 ||   156
       Plate armour      |       |       |       |    56 |    35 ||    91
Dodge: Dodged            |       |       |    11 |    30 |    93 ||   134
Block: Kite shield       |     4 |     8 |   115 |   118 |   249 ||   494
